Map: Orbital Shipyard

Players

RainMan

  • Race: Terran Terran
  • League: Grandmaster

Miszu - Winner!

  • Race: Terran Terran
  • League: Master

VOD

Have the link to the VOD?

Description

Time

  • Played on: March 25, 2016, 3:18 p.m.
  • Length: 9:10
Show
View Real Time Build Order
Export as new Build Order

RainMan Terran 

Build Orders:  

Get SALT Encoding   

  12  0:01  SCV  
  13  0:13  SCV  
  14  0:17  Supply Depot  
  14  0:25  SCV  
  15  0:39  Barracks, SCV  
  16  0:44  Refinery  
  16  0:51  SCV  
  17  0:59  Barracks  
  17  1:03  SCV  
  18  1:15  SCV  
  19  1:27  Reaper, Orbital Command  
  19  1:32  Supply Depot  
  20  1:48  Reaper  
  22  1:54  SCV  
  22  2:04  Reaper  
  22  2:07  SCV  
  24  2:11  Command Center  
  24  2:21  SCV  
  25  2:25  Refinery  
  25  2:33  SCV  
  26  2:45  SCV  
  26  2:46  Factory  
  27  2:54  Barracks Reactor  
  27  2:57  SCV  
  28  3:00  Barracks Tech Lab  
  28  3:04  Supply Depot  
  28  3:09  SCV  
  29  3:19  Marine  
  30  3:21  SCV  
  30  3:26  Barracks  
  30  3:27  Orbital Command  
  31  3:33  SCV  
  31  3:34  Marine x2  
  31  3:36  Marine  
  31  3:39  Starport  
  34  3:45  Factory Reactor  
  34  3:48  SCV  
  35  3:52  Marine x2  
  37  3:56  SCV  
  37  3:58  Supply Depot  
  37  3:59  Marine  
  37  4:00  SCV  
  40  4:04  Orbital Command  
  40  4:08  SCV  
  40  4:09  Marine x2  
  40  4:14  SCV  
  40  4:15  Barracks Reactor  
  42  4:18  Marine  
  43  4:27  Marine  
  44  4:32  Marine  
  44  4:33  SCV x2  
  44  4:36  Marine  
  48  4:40  Medivac x2  
  48  4:45  Supply Depot, Marine  
  53  4:46  SCV x2  
  53  4:48  Supply Depot  
  53  4:51  Marine  
  53  4:52  Marine x2  
  58  4:53  Factory Tech Lab  
  58  4:57  Marine  
  59  5:00  Supply Depot, SCV  
  59  5:06  Marine  
  60  5:09  Marine  
  60  5:10  Marine x2  
  60  5:14  Marine  
  60  5:17  Siege Tank  
  60  5:19  SCV x2  
  65  5:23  Marine  
  65  5:27  Marine  
  65  5:28  Marine x2  
  69  5:35  SCV  
  70  5:44  Marine  
  70  5:45  Marine, SCV  
  70  5:48  Marine, SCV  
  70  5:49  Marine  
  70  5:52  Siege Tank  
  70  5:57  SCV  
  68  5:59  Barracks  
  68  6:00  Barracks, SCV  
  69  6:09  SCV  
  69  6:11  Refinery  
  70  6:15  Supply Depot  
  70  6:17  Refinery  
  70  6:30  Command Center  
  70  6:36  Marine x4, Medivac  
  70  6:37  SCV x2  
  77  6:49  SCV  
  77  6:53  Barracks Tech Lab x2  
  78  6:57  SCV  
  78  6:58  Marine  
  78  7:05  Supply Depot x2  
  78  7:07  Engineering Bay  
  78  7:11  Combat Shields  
  78  7:26  Marine x6, Siege Tank, SCV x2  
  89  7:38  SCV x2  
  89  7:40  Barracks  
  89  7:43  Orbital Command  
  89  7:44  Marine x5  
  91  7:46  Marine  
  91  7:48  Medivac x2  
  91  7:50  SCV x2  
  91  7:51  Barracks  
  103  7:58  Siege Tank  
  103  8:01  Marine x3  
  103  8:03  Refinery  
  103  8:05  Refinery  
  109  8:08  Armory  
  109  8:10  Engineering Bay  
  109  8:13  Supply Depot  
  109  8:16  Supply Depot x2  
  109  8:20  Marine  
  109  8:21  SCV x2  
  109  8:26  Marine  
  111  8:27  Marine x2  
  111  8:33  SCV x2  
  93  8:45  Marine x2, SCV x2  
Show
View Real Time Build Order
Export as new Build Order

Miszu Terran - Winner!

Build Orders: MMM Bio 

Get SALT Encoding   

  12  0:01  SCV  
  13  0:13  SCV  
  14  0:19  Supply Depot  
  14  0:25  SCV  
  15  0:40  SCV  
  15  0:41  Barracks  
  16  0:44  Refinery  
  16  0:52  SCV  
  17  1:04  SCV  
  18  1:16  SCV  
  20  1:34  Orbital Command  
  20  1:36  Barracks Reactor  
  19  1:41  Command Center  
  19  1:50  Supply Depot  
  19  1:59  SCV  
  20  2:12  SCV  
  20  2:13  Marine x2  
  23  2:15  Factory  
  23  2:24  SCV  
  24  2:31  Marine x2  
  24  2:36  SCV  
  27  2:41  Refinery  
  27  2:48  SCV  
  27  2:49  Marine x2  
  30  2:53  SCV  
  31  3:00  SCV  
  32  3:05  SCV  
  32  3:06  Marine  
  32  3:07  Marine  
  32  3:09  Starport, Hellion  
  32  3:12  SCV  
  38  3:18  SCV  
  38  3:24  Marine x2, SCV  
  37  3:36  Factory Tech Lab  
  37  3:37  SCV  
  37  3:39  Orbital Command  
  38  3:49  SCV  
  38  3:53  Medivac  
  38  3:54  Siege Tank  
  44  4:01  SCV  
  45  4:14  Marine  
  46  4:22  Command Center  
  46  4:24  Supply Depot, Marine  
  46  4:25  SCV x2  
  49  4:39  SCV  
  49  4:41  Barracks, SCV  
  49  4:42  Barracks  
  49  4:44  Refinery x2  
  51  4:50  Marine x2  
  51  4:51  SCV  
  54  4:53  SCV  
  54  4:55  Starport Reactor  
  55  5:03  SCV  
  56  5:07  Marine  
  57  5:16  Marine  
  58  5:23  SCV x2  
  58  5:25  Marine  
  58  5:27  Engineering Bay  
  61  5:28  Engineering Bay  
  61  5:29  Supply Depot  
  61  5:32  Barracks Tech Lab x2  
  61  5:34  Marine, Medivac, Siege Tank, SCV  
  68  5:35  SCV  
  69  5:43  Marine  
  63  5:57  Marine x3  
  63  5:59  Stimpack, Combat Shields  
  63  6:00  SCV x2  
  63  6:01  Marine  
  63  6:04  Terran Infantry Weapons Level 1, Terran Infantry Armor Level 1  
  70  6:08  Orbital Command  
  69  6:12  SCV  
  69  6:13  SCV  
  69  6:17  Medivac x2  
  75  6:19  Siege Tank  
  75  6:22  Marine x2  
  75  6:24  SCV  
  75  6:25  SCV  
  82  6:32  Marine x2  
  83  6:37  Missile Turret x2  
  83  6:38  Missile Turret  
  83  6:50  Marine x4  
  84  6:59  Orbital Command  
  84  7:08  Marine  
  85  7:11  Barracks x2  
  85  7:14  Missile Turret  
  85  7:18  Missile Turret x2  
  85  7:20  Marine  
  85  7:21  Marine x2, Siege Tank  
  91  7:23  SCV x2  
  91  7:25  Marine, SCV  
  95  7:35  SCV x2, Armory  
  98  7:37  SCV  
  98  7:38  Marine x3  
  98  7:41  Refinery  
  98  7:42  Refinery  
  101  8:05  Supply Depot  
  101  8:06  Supply Depot  
  101  8:07  Supply Depot x2  
  101  8:08  Supply Depot  
  101  8:10  Supply Depot  
  101  8:11  Barracks Reactor  
  101  8:12  Barracks Reactor  
  101  8:15  Supply Depot x2  
  101  8:25  SCV  
  101  8:27  Marine x4, Medivac, Siege Tank, SCV x2  
  103  8:40  SCV  
  103  8:41  Marine  
  103  8:44  Marine x4  
  103  8:47  Marine  
  103  8:48  Marine  
Tags
 
Add a new tag
Caveats
  • Supply blocks, unpowered buildings, or Contaminate may cause inaccurate times.
  • Supply counts are checked every 10 seconds.